AoeStats
← Bucéfalo

Arabia

503306443Analyzed
1v1 RM · 1mo ago on Aug 31, 2026· 21m 47s· 2 players
Game mode
Random Map
Map size
Tiny (2 player)
Population
200
Speed
Normal
Resources
Standard
Victory
Conquest
Starting age
Dark Age
Ending age
Imperial Age
RankedLock teamsTeams togetherTeam positionsShared explorationLock speedFull tech treeHidden civsTurbo modeCheats
Victory
Defeat
🇨🇴 Bengalis · Colombia
1083
+16
🇦🇷 Franks · Argentina
1093
-43
santiagocastanoloaiza
9:49 Feudal Age
10:43 Loom
14:30 Castle Age
13:45 Fletching
16:10 Bodkin Arrow
18:08 Paiks
Bucéfalo
12:30 Feudal Age
13:01 Double-Bit Axe
16:21 Man-at-Arms
17:23 Gold Mining
21:39 Castle Age
Connection lost

Rejoining the realm…

Still unreachable

The connection could not be restored.

Session expired

The server has moved on; the page needs a fresh start.